 Dungeon Crawl Stone Soup version 0.32-a0-996-gb3226c233f (webtiles) character file.

Game seed: 16793660237234969303

209 Drangen the Shooter (level 5, -2/41 HPs)
             Began as a Coglin Hunter on Apr 23, 2024.
             Succumbed to a hornet's poison
             ... on level 4 of the Dungeon.
             The game lasted 00:01:39 (2071 turns).

Drangen the Shooter (Coglin Hunter)                 Turns: 2071, Time: 00:01:39

Health: -2/41      AC:  3    Str: 12    XL:     5   Next: 87%
Magic:  5/5        EV: 12    Int:  8    God:
Gold:   68         SH:  0    Dex: 19    Spells: 4/4 levels left

rFire   . . .        a - +3 sling {Fatehjeet}
rCold   . . .        d - +0 sling {Prasit}
rNeg    . . .        c - +0 leather armour
rPois   .            (no helmet)
rElec   .            (no cloak)
rCorr   .            (no gloves)
SInv    .            (no boots)
Will    .....        (amulet unavailable)
Stlth   ++           (ring unavailable)
HPRegen 0.26/turn    (ring unavailable)
MPRegen 0.09/turn    (no gizmo)

%: no passive effects
@: lethally poisoned (-2 -> -11), slowed, revved, very slow
A: off-hand wielding, slow wielding, warmup strikes, no jewellery
a: Invent Gizmo


You were on level 4 of the Dungeon.
You visited 1 branch of the dungeon, and saw 4 of its levels.

You collected 68 gold pieces.

Inventory:

Hand Weapons
 a - a +3 sling (weapon) {Fatehjeet}
 d - a +0 sling (offhand) {Prasit}
Armour
 c - a +0 leather armour (worn)
Scrolls
 e - a scroll of noise
 f - 2 scrolls of identify
 h - a scroll of teleportation
 l - 2 scrolls of enchant weapon
Potions
 g - a potion of mutation
 i - a potion of magic


   Skills:
 + Level 3.3 Fighting
 + Level 4.4 Ranged Weapons
 + Level 3.0 Dodging
 + Level 2.4 Stealth


You had 4 spell levels left.
You didn't know any spells.
Your spell library was empty.

Dungeon Overview and Level Annotations

Branches:
Dungeon (4/15)
 Temple: D:4-7

Altars:
Makhleb

Shops:
D:3 ?


Innate Abilities, Weirdness & Mutations

You can wield a second weapon in your off-hand.
It takes a long time for you to wield or remove held weapons.
Your first few attacks do less damage.
You cannot equip rings or amulets.


Message History

The hornet barely misses you.
You shoot a sling bullet.
The sling bullet hits the hornet but does no damage.
The hornet is moderately wounded.
You shoot a sling bullet. The sling bullet hits the hornet.
The hornet is moderately wounded.
The hornet completely misses you. The hornet stings you!
You feel yourself slow down.
Unknown command.
A hornet is nearby!
You shoot a sling bullet. The sling bullet misses the hornet.
You shoot a sling bullet.
The sling bullet completely misses the hornet.
You feel yourself speed up.
Your resistance to elements expires.
The hornet stings you but does no damage.
An orc comes into view. It is wielding a +0 club.
The hornet barely misses you.
There are monsters nearby!
You shoot a sling bullet.
The sling bullet closely misses the hornet.
You shoot a sling bullet.
The sling bullet barely misses the hornet.
The orc shouts!
The hornet closely misses you. The hornet stings you!
You suddenly lose the ability to move!
You can move again.
Unknown command.
You shoot a sling bullet.
The sling bullet barely misses the hornet.
You shoot a sling bullet. The sling bullet hits the hornet.
The hornet is moderately wounded.
The hornet stings you.
You feel yourself slow down. The hornet stings you!
* * * LOW HITPOINT WARNING * * *
You are lethally poisoned!
You feel as though you will be slow longer.
Okay, then.
As you read the scroll of butterflies, it crumbles to dust.
You hear the flapping of tiny wings.
The hornet is knocked back by the sudden gust.
You die...

#. #...###
#.
#.....#####
. ..
####......##
##.
#..###..# b.
##.# ##.##.#
#.#


#b#ob #.. #b#b# .##. #b#y# . . #b@b# . ##bb# bbb# bbbbb# ##bbbb# ##bbb. .....#
...#.. You could see a hornet (ally target) and an orc (ally target).

Vanquished Creatures
  The ghost of Mitsu the Covered, an amateur MDFi (D:3)
  3 gnolls (D:3)
  An adder (D:2)
  An orc (D:2)
  5 bats
  9 endoplasms
  3 giant cockroaches (D:1)
  15 goblins
  5 hobgoblins
  6 jackals
  4 quokkas
  11 ball pythons
  4 frilled lizards
  6 kobolds
  2 rats
76 creatures vanquished.

Notes
Turn   | Place    | Note
-------+----------+-------------------------------------------
     0 | D:1      | Drangen the Coglin Hunter began the quest for the Orb.
     0 | D:1      | Reached XP level 1. HP: 16/16 MP: 1/1
    65 | D:1      | Reached skill level 1 in Stealth
    69 | D:1      | Reached XP level 2. HP: 13/22 MP: 2/2
   312 | D:1      | Reached XP level 3. HP: 28/28 MP: 3/3
   758 | D:2      | Reached skill level 4 in Ranged Weapons
   764 | D:2      | Found a burning altar of Makhleb.
   980 | D:2      | Reached XP level 4. HP: 34/34 MP: 4/4
  1349 | D:3      | Found a runed translucent door.
  1349 | D:3      | Noticed Mitsu's ghost (amateur MDFi)
  1467 | D:3      | Found Selod's Magic Scroll Emporium.
  1472 | D:3      | Found a faded altar of an unknown god.
  1754 | D:3      | Reached XP level 5. HP: 41/41 MP: 5/5
  1884 | D:3      | Killed Mitsu's ghost
  2064 | D:4      | Noticed a hornet
  2069 | D:4      | Paralysed by a hornet for 1 turns
  2070 | D:4      | HP: 2/41 [hornet (17)]
  2071 | D:4      | Succumbed to a hornet's poison

Illustrated notes

Levels and vault maps discovered:
D:1:      tarquinn_simple_flora_water_c, layout_loops_ring, nicolae_titane
D:2:      kennysheep_the_goblin_king, layout_basic, basic_altar
D:3:      layout_basic, serial_shops, shop, hellmonk_ghost_happy_afterlife,
          nicolae_ecumenical_pavilion, nicolae_kite_square_tiling_tiny
D:4:      layout_rooms, uniq_menkaure

Skill      XL: |  1  2  3  4  5 |
---------------+----------------+-----
Stealth        | 1 2 |  2.4
Dodging        | 2 3 |  3.0
Ranged Weapons | 4 |  4.4
Fighting       | 3 |  3.3

Action                     |  1- 3 |  4- 6 || total
---------------------------+-------+-------++-------
  Melee: Sling             |       |     6 ||     6
   Fire: Sling             |   172 |   132 ||   304
    Use: Potion            |       |     7 ||     7
         Scroll            |       |     6 ||     6
 Armour: Leather armour    |    14 |    18 ||    32
  Dodge: Dodged            |    16 |    24 ||    40

Table legend: (Time is in decaauts)
 A = Elapsed time spent in this place.
 B = Non-inter-level travel time spent in this place.
 C = Inter-level travel time spent in this place.
 D = Time resting spent in this place.
 E = Time spent auto-exploring this place.
 F = Levels seen in this place.
 G = Mean time per level.
                   A        B        C        D        E       F      G
               +--------+--------+--------+--------+--------+-----+--------+
         Total |   2122 |   2057 |     65 |      0 |   1737 |   4 |  530.5 |
       Dungeon |   2122 |   2057 |     65 |      0 |   1737 |   4 |  530.5 |
               +--------+--------+--------+--------+--------+-----+--------+

Top non-repeatable levels by time:
     D:3: 751 daAuts
     D:1: 685 daAuts
     D:2: 643 daAuts
     D:4: 41 daAuts
